Red Wings vs Devils
Created - 2 novembre 2014 at 19:59
Goals
|
Red Wings |
2 |
1 |
2 |
5 |
Devils |
0 |
1 |
0 |
1 |
|
Shots
|
Red Wings |
13 |
8 |
9 |
30 |
Devils |
11 |
13 |
15 |
39 |
|
1st period
1. Red Wings , Mike Richards 9 (Jason Spezza) at 14:54 (SH)
2. Red Wings , Mike Brown 4 (Shawn Horcoff, Robert Dome) at 16:54
Penalties :
Jason Arnott (NJD) for Hooking (Minor) at 4:17, Jonathan Quick (Det) for Delaying the game (Minor) at 13:00 - Rick Nash served the penalty, Jason Spezza (Det) for Goalie Interference (Minor) at 17:50
2nd period
3. Red Wings , Sean Bergenheim 2 (Mike Richards) at 5:13 (SH)
4. Devils , Vincent Lecavalier 12 (Maxim Afinogenov, Ryan Whitney) at 5:36 (PP)
Penalties :
Shawn Horcoff (Det) for Hooking (Minor) at 4:29, Martin Havlat (Det) for Holding (Minor) at 5:51
3rd period
5. Red Wings , Lee Stempniak 2 (Michal Grosek, Brian Sutherby) at 1:46
6. Red Wings , Martin Havlat 6 (Jason Spezza) at 10:36
Penalties :
Rick Nash (Det) for High sticking (Minor) at 3:09, Michal Grosek (Det) for Interference (Minor) at 7:29, Paul Martin (Det) for Slashing (Minor) at 12:22, Zach Parise (NJD) for Fighting (Major) at 15:55, Rick Nash (Det) for Fighting (Major) at 15:55
Goalie Stats
Jonathan Quick (Det), 38 saves from 39 shots - (0,974), W, 8-5-1, 60:00 minutes
Dan Ellis (NJD), 25 saves from 30 shots - (0,833), L, 4-2-1, 60:00 minutes
Players Stats for Red Wings
Player Name G A P +/- PIM S H SB GA TA FO MP PP MP PK MP
------------------------------------------------------------------------------------
Brian Sutherby 0 1 1 1 0 0 1 0 0 0 2/3 7:57 0:00 1:35
Christian Laflamme 0 0 0 2 0 0 1 1 0 2 0/0 19:28 0:00 4:50
Jason Spezza 0 2 2 1 2 3 2 1 1 3 20/42 23:38 1:08 6:15
Lee Stempniak 1 0 1 1 0 1 0 0 0 0 0/0 6:12 0:00 0:00
Martin Havlat 1 0 1 1 2 1 0 0 1 0 0/4 17:00 1:08 0:00
Maxim Kondratiev 0 0 0 1 0 0 0 1 0 0 0/0 11:11 0:58 0:08
Michal Grosek 0 1 1 1 2 0 2 0 0 0 0/0 9:00 0:00 2:14
Mike Brown 1 0 1 1 0 1 2 0 0 0 0/0 8:45 0:00 0:00
Mike Richards 1 1 2 2 0 5 1 0 2 0 7/13 18:13 0:51 3:35
Ossi Vaananen 0 0 0 2 0 2 1 1 1 0 0/0 19:11 0:00 4:31
Paul Martin 0 0 0 2 2 1 0 2 0 0 0/0 27:10 1:01 7:22
Richard Jackman 0 0 0 1 0 1 1 0 0 1 0/0 13:13 0:58 0:41
Rick Nash 0 0 0 1 7 1 0 0 1 1 0/0 20:39 1:08 4:54
Robert Dome 0 1 1 1 0 2 1 1 0 0 0/2 12:43 0:00 3:39
Sean Bergenheim 1 0 1 2 0 4 3 0 0 0 0/0 18:28 0:51 3:50
Shawn Horcoff 0 1 1 1 2 2 1 0 2 0 0/3 9:47 0:00 0:00
Shea Weber 0 0 0 2 0 2 1 3 0 2 0/0 29:48 1:01 8:30
Teemu Selanne 0 0 0 0 0 4 2 1 0 0 0/0 14:29 0:51 0:00
Players Stats for Devils
Player Name G A P +/- PIM S H SB GA TA FO MP PP MP PK MP
------------------------------------------------------------------------------------
Andrej Meszaros 0 0 0 0 0 3 3 0 0 1 0/0 20:34 8:22 0:59
Antti Miettinen 0 0 0 -1 0 3 2 0 0 0 0/0 11:38 0:05 0:00
Ben Lovejoy 0 0 0 -3 0 5 1 0 0 0 0/0 19:02 6:15 1:00
Dustin Boyd 0 0 0 -1 0 2 1 0 0 0 5/7 12:01 0:00 0:45
Greg Stewart 0 0 0 0 0 1 1 0 0 0 0/0 6:49 0:05 0:33
Guillaume Latendresse 0 0 0 -1 0 3 2 0 1 0 0/1 17:23 5:36 0:26
Jason Arnott 0 0 0 0 2 1 0 0 1 0 0/0 7:39 0:15 0:00
Jay Bouwmeester 0 0 0 -2 0 1 1 1 1 1 0/0 19:25 1:38 0:00
Ladislav Nagy 0 0 0 -1 0 0 1 1 0 1 1/2 12:04 0:00 0:48
Maxim Afinogenov 0 1 1 -3 0 3 1 0 2 0 1/5 23:45 7:20 0:00
Mike Komisarek 0 0 0 -2 0 0 1 0 0 1 0/0 17:37 0:00 0:00
Mike Lundin 0 0 0 0 0 1 0 1 1 1 0/0 15:05 0:00 0:59
Patric Hornqvist 0 0 0 -1 0 2 2 0 1 0 1/1 16:49 5:36 0:00
Patrick Eaves 0 0 0 0 0 0 2 0 0 0 0/0 5:41 0:00 0:00
Ryan Whitney 0 1 1 -3 0 2 4 2 0 2 0/0 28:17 9:47 1:00
Stephen Weiss 0 0 0 -1 0 1 2 0 0 0 3/6 16:49 5:36 0:00
Vincent Lecavalier 1 0 1 -3 0 5 2 0 2 1 26/44 24:08 7:10 0:26
Zach Parise 0 0 0 -3 5 6 2 1 0 0 1/1 23:13 7:20 1:00
3 Stars
1 - Jonathan Quick (Det)
2 - Mike Richards (Det)
3 - Sean Bergenheim (Det)
Power Play
Red Wings - 0 on 1 Attempt(s) - 0,00%
Devils - 1 on 7 Attempt(s) - 14,29%
Penalty Kill
Red Wings - 6 on 7 Attempt(s) - 85,71%
- Score 2 goal in Penalty Kill
Devils - 1 on 1 Attempt(s) - 100,00%
- Score 0 goal in Penalty Kill
Official
Referees : Furlatt Eric and Rooney Chris
Linesman : Brad Kovachik and Vaughan Rody
Game Notes
16:54 of 1st period - Red Wings goal is going for a video replay. After video review, Goal.
Zach Parise beats up Rick Nash at 15:55 of 3rd period
Finance
Level 1 -- Attendance: 6000 (100,00%) -- Ticket Income 510 000 $
Level 2 -- Attendance: 4825 (96,50%) -- Ticket Income 250 900 $
Level 3 -- Attendance: 1909 (95,45%) -- Ticket Income 53 452 $
Level 4 -- Attendance: 4000 (100,00%) -- Ticket Income 80 000 $
Luxury Box -- Attendance: 991 (99,10%) -- Ticket Income 168 470 $
Game was played at the The prudential Center
Total Attendance: 17725 (98,47%)
Total Ticket Income: 1 062 822 $
Other Income: 159 423 $
Total Income: 1 222 245 $
Red Wings
5 vs 5 Forward
Center Left Wing Right Wing Time % Phy DF OF
1 Jason Spezza Rick Nash Martin Havlat 40 1 2 2
2 Mike Richards Sean Bergenheim Teemu Selanne 30 1 2 2
3 Shawn Horcoff Robert Dome Mike Brown 20 1 2 2
4 Brian Sutherby Michal Grosek Lee Stempniak 10 1 2 2
5 vs 5 Defense
Defense Defense Time % Phy DF OF
1 Shea Weber Paul Martin 40 1 2 2
2 Ossi Vaananen Christian Laflamme 30 1 2 2
3 Maxim Kondratiev Richard Jackman 20 1 2 2
4 Richard Jackman Shea Weber 10 1 2 2
PowerPlay Forward
Center Left Wing Right Wing Time % Phy DF OF
1 Jason Spezza Rick Nash Martin Havlat 60 1 2 2
2 Mike Richards Sean Bergenheim Teemu Selanne 40 1 2 2
PowerPlay Defense
Defense Defense Time % Phy DF OF
1 Shea Weber Paul Martin 60 1 2 2
2 Richard Jackman Maxim Kondratiev 40 1 2 2
Penalty Kill 4 Players Forward
Center Wing Time % Phy DF OF
1 Jason Spezza Rick Nash 60 1 2 2
2 Mike Richards Sean Bergenheim 40 1 2 2
Penalty Kill 4 Players Defense
Defense Defense Time % Phy DF OF
1 Shea Weber Paul Martin 60 1 2 2
2 Ossi Vaananen Christian Laflamme 40 1 2 2
Penalty Kill - 3 Players Forward
Forward Time % Phy DF OF
1 Jason Spezza 60 1 2 2
2 Mike Richards 40 1 2 2
Penalty Kill - 3 Players Defense
Defense Defense Time % Phy DF OF
1 Shea Weber Paul Martin 60 1 2 2
2 Ossi Vaananen Christian Laflamme 40 1 2 2
4 vs 4 Forward
Center Wing Time % Phy DF OF
1 Jason Spezza Rick Nash 60 1 2 2
2 Mike Richards Teemu Selanne 40 1 2 2
4 vs 4 Defense
Defense Defense Time % Phy DF OF
1 Shea Weber Paul Martin 60 1 2 2
2 Richard Jackman Maxim Kondratiev 40 1 2 2
Last Minutes Offensive
Center Left Wing Right Wing Defense Defense
Jason Spezza Rick Nash Martin Havlat Shea Weber Paul Martin
Last Minutes Defensive
Center Left Wing Right Wing Defense Defense
Jason Spezza Rick Nash Martin Havlat Shea Weber Paul Martin
Goaltenders
Starting : Jonathan Quick
Backup : Scott Clemmensen
Extra Forwards
Normal : Shawn Horcoff, Sean Bergenheim, Teemu Selanne - PP : Shawn Horcoff, Teemu Selanne - PK : Robert Dome
Extra Defensemen
Normal : Maxim Kondratiev, Ossi Vaananen, Richard Jackman - PP : Maxim Kondratiev - PK : Christian Laflamme, Richard Jackman
Penalty Shots
Jason Spezza, Rick Nash, Mike Richards, Martin Havlat, Sean Bergenheim
Devils
5 vs 5 Forward
Center Left Wing Right Wing Time % Phy DF OF
1 Vincent Lecavalier Zach Parise Maxim Afinogenov 40 1 2 2
2 Stephen Weiss Guillaume Latendresse Patric Hornqvist 30 1 2 2
3 Dustin Boyd Ladislav Nagy Antti Miettinen 20 1 2 2
4 Jason Arnott Greg Stewart Patrick Eaves 10 1 2 2
5 vs 5 Defense
Defense Defense Time % Phy DF OF
1 Jay Bouwmeester Mike Komisarek 40 1 2 2
2 Ryan Whitney Mike Lundin 30 1 2 2
3 Andrej Meszaros Ben Lovejoy 20 1 2 2
4 Ben Lovejoy Ryan Whitney 10 1 2 2
PowerPlay Forward
Center Left Wing Right Wing Time % Phy DF OF
1 Vincent Lecavalier Zach Parise Maxim Afinogenov 60 0 1 4
2 Stephen Weiss Guillaume Latendresse Patric Hornqvist 40 0 1 4
PowerPlay Defense
Defense Defense Time % Phy DF OF
1 Ryan Whitney Andrej Meszaros 60 1 2 2
2 Ryan Whitney Ben Lovejoy 40 1 2 2
Penalty Kill 4 Players Forward
Center Wing Time % Phy DF OF
1 Jason Arnott Zach Parise 60 1 2 2
2 Vincent Lecavalier Guillaume Latendresse 40 1 2 2
Penalty Kill 4 Players Defense
Defense Defense Time % Phy DF OF
1 Ryan Whitney Mike Lundin 60 1 2 2
2 Jay Bouwmeester Mike Komisarek 40 1 2 2
Penalty Kill - 3 Players Forward
Forward Time % Phy DF OF
1 Jason Arnott 60 1 2 2
2 Vincent Lecavalier 40 1 2 2
Penalty Kill - 3 Players Defense
Defense Defense Time % Phy DF OF
1 Mike Lundin Ryan Whitney 60 1 2 2
2 Mike Komisarek Jay Bouwmeester 40 1 2 2
4 vs 4 Forward
Center Wing Time % Phy DF OF
1 Stephen Weiss Guillaume Latendresse 60 1 2 2
2 Vincent Lecavalier Maxim Afinogenov 40 1 2 2
4 vs 4 Defense
Defense Defense Time % Phy DF OF
1 Ryan Whitney Mike Komisarek 60 1 2 2
2 Jay Bouwmeester Mike Komisarek 40 1 2 2
Last Minutes Offensive
Center Left Wing Right Wing Defense Defense
Vincent Lecavalier Zach Parise Maxim Afinogenov Ryan Whitney Jay Bouwmeester
Last Minutes Defensive
Center Left Wing Right Wing Defense Defense
Jason Arnott Zach Parise Maxim Afinogenov Ryan Whitney Jay Bouwmeester
Goaltenders
Starting : Dan Ellis
Backup : Viktor Fasth
Extra Forwards
Normal : Jason Arnott, Antti Miettinen, Ladislav Nagy - PP : Jason Arnott, Greg Stewart - PK : Ladislav Nagy
Extra Defensemen
Normal : Ben Lovejoy, Mike Komisarek, Andrej Meszaros - PP : Ben Lovejoy - PK : Ben Lovejoy, Mike Lundin
Penalty Shots
Vincent Lecavalier, Maxim Afinogenov, Guillaume Latendresse, Patric Hornqvist, Stephen Weiss
% Time on Ice - Red Wings
Lines # - Real PCT - Wanted PCT - Time Play
Normal Forward
1 - 36% - 40% - 16:16
2 - 31% - 30% - 13:47
3 - 19% - 20% - 8:45
4 - 14% - 10% - 6:12
Normal Defense
1 - 42% - 40% - 18:48
2 - 33% - 30% - 14:51
3 - 21% - 20% - 9:28
4 - 4% - 10% - 1:53
PP Forward
1 - 57% - 60% - 1:08
2 - 43% - 40% - 0:51
PP Defense
1 - 51% - 60% - 1:01
2 - 49% - 40% - 0:58
PK Forward
1 - 72% - 60% - 9:26
2 - 28% - 40% - 3:35
PK Defense
1 - 66% - 60% - 8:38
2 - 34% - 40% - 4:23
PK3 Forward
1 - 0% - 60%
2 - 0% - 40%
PK3 Defense
1 - 0% - 60%
2 - 0% - 40%
44 Forward
1 - 0% - 60%
2 - 0% - 40%
44 Defense
1 - 0% - 60%
2 - 0% - 40%
Last Minute Offensive - 0:00
Last Minute Defensive - 0:00
Total
Forward - 60:00
Defense - 60:00
|
% Time on Ice - Devils
Lines # - Real PCT - Wanted PCT - Time Play
Normal Forward
1 - 37% - 40% - 16:42
2 - 25% - 30% - 11:21
3 - 25% - 20% - 11:16
4 - 13% - 10% - 5:41
Normal Defense
1 - 44% - 40% - 19:56
2 - 31% - 30% - 14:06
3 - 19% - 20% - 8:31
4 - 5% - 10% - 2:27
PP Forward
1 - 57% - 60% - 7:25
2 - 43% - 40% - 5:36
PP Defense
1 - 64% - 60% - 8:22
2 - 36% - 40% - 4:39
PK Forward
1 - 78% - 60% - 1:33
2 - 22% - 40% - 0:26
PK Defense
1 - 100% - 60% - 1:59
2 - 0% - 40% - 0:00
PK3 Forward
1 - 0% - 60%
2 - 0% - 40%
PK3 Defense
1 - 0% - 60%
2 - 0% - 40%
44 Forward
1 - 0% - 60%
2 - 0% - 40%
44 Defense
1 - 0% - 60%
2 - 0% - 40%
Last Minute Offensive - 0:00
Last Minute Defensive - 0:00
Total
Forward - 60:00
Defense - 60:00
|
Play by Play
1st period
0:01 of 1st period - Vincent Lecavalier wins face-off versus Jason Spezza in neutral zone.
0:12 of 1st period - Rick Nash is hit by Zach Parise and loses puck.
1:04 of 1st period - Jason Arnott is hit by Brian Sutherby.
1:08 of 1st period - Greg Stewart is hit by Ossi Vaananen and loses puck.
2:31 of 1st period - Slapshot by Vincent Lecavalier.
2:31 of 1st period - Stopped by Jonathan Quick with a rebound.
3:09 of 1st period - Patric Hornqvist is hit by Christian Laflamme and loses puck.
4:17 of 1st period - Minor Penalty to Jason Arnott for Hooking.
4:18 of 1st period - Jason Spezza wins face-off versus Ladislav Nagy in Devils zone.
4:20 of 1st period - Snap shot by Jason Spezza.
4:20 of 1st period - Shot Blocked by Ryan Whitney.
5:23 of 1st period - Richard Jackman is hit by Guillaume Latendresse.
5:46 of 1st period - Icing by Shea Weber.
5:47 of 1st period - Dustin Boyd wins face-off versus Mike Richards in Red Wings zone.
5:48 of 1st period - Snap shot by Greg Stewart.
5:48 of 1st period - Stopped by Jonathan Quick without a rebound.
5:49 of 1st period - Mike Richards wins face-off versus Dustin Boyd in Red Wings zone.
6:17 of 1st period - Penalty to Jason Arnott is over, Jason Arnott is back on ice.
6:24 of 1st period - Icing by Sean Bergenheim.
6:25 of 1st period - Mike Richards wins face-off versus Maxim Afinogenov in Red Wings zone.
6:39 of 1st period - Slapshot by Jason Spezza.
6:39 of 1st period - Stopped by Dan Ellis with a rebound.
6:45 of 1st period - Snap shot by Jason Spezza.
6:45 of 1st period - Stopped by Dan Ellis with a rebound.
6:59 of 1st period - Shea Weber is hit by Ryan Whitney.
7:17 of 1st period - Wrist shot by Dustin Boyd.
7:17 of 1st period - Shot Misses the Net.
7:19 of 1st period - Slapshot by Ben Lovejoy.
7:19 of 1st period - Stopped by Jonathan Quick with a rebound.
7:21 of 1st period - Slapshot by Ladislav Nagy.
7:21 of 1st period - Shot Misses the Net.
7:23 of 1st period - Snap shot by Ladislav Nagy.
7:23 of 1st period - Shot Misses the Net.
7:25 of 1st period - Slapshot by Ben Lovejoy.
7:25 of 1st period - Shot Blocked by Paul Martin.
7:43 of 1st period - Backhand shot by Jason Spezza.
7:43 of 1st period - Shot Misses the Net.
7:45 of 1st period - Snap shot by Jason Spezza.
7:45 of 1st period - Shot Misses the Net.
7:59 of 1st period - Slapshot by Teemu Selanne.
7:59 of 1st period - Shot Misses the Net.
8:05 of 1st period - Sean Bergenheim is hit by Patric Hornqvist and loses puck.
8:20 of 1st period - Icing by Zach Parise.
8:21 of 1st period - Vincent Lecavalier wins face-off versus Shawn Horcoff in Devils zone.
8:54 of 1st period - Slapshot by Martin Havlat.
8:54 of 1st period - Shot Blocked by Jay Bouwmeester.
9:11 of 1st period - Slapshot by Stephen Weiss.
9:11 of 1st period - Shot Misses the Net.
9:31 of 1st period - Slapshot by Shawn Horcoff.
9:31 of 1st period - Stopped by Dan Ellis with a rebound.
10:01 of 1st period - Wrist shot by Vincent Lecavalier.
10:01 of 1st period - Stopped by Jonathan Quick with a rebound.
10:11 of 1st period - Mike Richards is hit by Dustin Boyd.
10:19 of 1st period - Wrist shot by Dustin Boyd.
10:19 of 1st period - Shot Misses the Net.
10:21 of 1st period - Slapshot by Andrej Meszaros.
10:21 of 1st period - Stopped by Jonathan Quick without a rebound.
10:22 of 1st period - Zach Parise wins face-off versus Jason Spezza in Red Wings zone.
10:31 of 1st period - Backhand shot by Zach Parise.
10:31 of 1st period - Stopped by Jonathan Quick with a rebound.
10:47 of 1st period - Wrist shot by Dustin Boyd.
10:47 of 1st period - Stopped by Jonathan Quick without a rebound.
10:48 of 1st period - Dustin Boyd wins face-off versus Mike Richards in Red Wings zone.
10:57 of 1st period - Wrist shot by Teemu Selanne.
10:57 of 1st period - Stopped by Dan Ellis with a rebound.
10:59 of 1st period - Slapshot by Shea Weber.
10:59 of 1st period - Shot Misses the Net.
11:22 of 1st period - Snap shot by Sean Bergenheim.
11:22 of 1st period - Stopped by Dan Ellis without a rebound.
11:23 of 1st period - Jason Spezza wins face-off versus Vincent Lecavalier in Devils zone.
11:36 of 1st period - Wrist shot by Rick Nash.
11:36 of 1st period - Shot Misses the Net.
11:38 of 1st period - Snap shot by Jason Spezza.
11:38 of 1st period - Stopped by Dan Ellis with a rebound.
11:48 of 1st period - Shawn Horcoff is hit by Andrej Meszaros.
11:52 of 1st period - Wrist shot by Mike Brown.
11:52 of 1st period - Shot Misses the Net.
11:54 of 1st period - Slapshot by Paul Martin.
11:54 of 1st period - Stopped by Dan Ellis without a rebound.
11:55 of 1st period - Jason Spezza wins face-off versus Guillaume Latendresse in Devils zone.
12:33 of 1st period - Snap shot by Guillaume Latendresse.
12:33 of 1st period - Shot Misses the Net.
12:35 of 1st period - Slapshot by Mike Lundin.
12:35 of 1st period - Shot Blocked by Christian Laflamme.
12:39 of 1st period - Wrist shot by Stephen Weiss.
12:39 of 1st period - Shot Misses the Net.
12:41 of 1st period - Slapshot by Mike Lundin.
12:41 of 1st period - Shot Misses the Net.
12:43 of 1st period - Slapshot by Ryan Whitney.
12:43 of 1st period - Stopped by Jonathan Quick without a rebound.
12:44 of 1st period - Jason Spezza wins face-off versus Vincent Lecavalier in Red Wings zone.
13:00 of 1st period - Wrist shot by Maxim Afinogenov.
13:00 of 1st period - Stopped by Jonathan Quick without a rebound.
13:00 of 1st period - Minor Penalty to Jonathan Quick for Delaying the game.
13:01 of 1st period - Jason Spezza wins face-off versus Vincent Lecavalier in Red Wings zone.
13:27 of 1st period - Jason Spezza is hit by Patric Hornqvist and loses puck.
13:49 of 1st period - Icing by Vincent Lecavalier.
13:50 of 1st period - Brian Sutherby wins face-off versus Vincent Lecavalier in Devils zone.
13:51 of 1st period - Snap shot by Michal Grosek.
13:51 of 1st period - Shot Hit the Post.
14:07 of 1st period - Slapshot by Christian Laflamme.
14:07 of 1st period - Shot Misses the Net.
14:09 of 1st period - Slapshot by Ossi Vaananen.
14:09 of 1st period - Stopped by Dan Ellis without a rebound.
14:10 of 1st period - Jason Spezza wins face-off versus Stephen Weiss in Devils zone.
14:19 of 1st period - Slapshot by Shea Weber.
14:19 of 1st period - Stopped by Dan Ellis without a rebound.
14:20 of 1st period - Vincent Lecavalier wins face-off versus Jason Spezza in Devils zone.
14:33 of 1st period - Shea Weber is hit by Andrej Meszaros and loses puck.
14:54 of 1st period - Wrist shot by Mike Richards.
14:54 of 1st period - Goal by Mike Richards - Red Wings : 1 - Devils : 0.
14:55 of 1st period - Jason Spezza wins face-off versus Vincent Lecavalier in neutral zone.
15:00 of 1st period - Penalty to Rick Nash is over, Rick Nash is back on ice.
15:51 of 1st period - Wrist shot by Guillaume Latendresse.
15:51 of 1st period - Stopped by Jonathan Quick without a rebound.
15:52 of 1st period - Jason Spezza wins face-off versus Vincent Lecavalier in Red Wings zone.
15:57 of 1st period - Snap shot by Rick Nash.
15:57 of 1st period - Stopped by Dan Ellis without a rebound.
15:58 of 1st period - Vincent Lecavalier wins face-off versus Martin Havlat in Devils zone.
16:12 of 1st period - Wrist shot by Jason Spezza.
16:12 of 1st period - Shot Misses the Net.
16:14 of 1st period - Slapshot by Christian Laflamme.
16:14 of 1st period - Shot Blocked by Zach Parise.
16:50 of 1st period - Snap shot by Robert Dome.
16:50 of 1st period - Shot Blocked by Ryan Whitney.
16:52 of 1st period - Snap shot by Shawn Horcoff.
16:52 of 1st period - Shot Misses the Net.
16:54 of 1st period - Snap shot by Mike Brown.
16:54 of 1st period - Red Wings goal is going for a video replay.
16:54 of 1st period - The goal is good.
16:54 of 1st period - Goal by Mike Brown - Red Wings : 2 - Devils : 0.
16:55 of 1st period - Vincent Lecavalier wins face-off versus Jason Spezza in neutral zone.
17:26 of 1st period - Snap shot by Antti Miettinen.
17:26 of 1st period - Stopped by Jonathan Quick without a rebound.
17:27 of 1st period - Ladislav Nagy wins face-off versus Mike Richards in Red Wings zone.
17:39 of 1st period - Wrist shot by Teemu Selanne.
17:39 of 1st period - Shot Misses the Net.
17:41 of 1st period - Snap shot by Mike Richards.
17:41 of 1st period - Stopped by Dan Ellis without a rebound.
17:42 of 1st period - Vincent Lecavalier wins face-off versus Jason Spezza in Devils zone.
17:50 of 1st period - Minor Penalty to Jason Spezza for Goalie Interference.
17:51 of 1st period - Vincent Lecavalier wins face-off versus Robert Dome in Red Wings zone.
18:06 of 1st period - Snap shot by Vincent Lecavalier.
18:06 of 1st period - Shot Misses the Net.
18:39 of 1st period - Maxim Afinogenov is hit by Sean Bergenheim and loses puck.
19:50 of 1st period - Penalty to Jason Spezza is over, Jason Spezza is back on ice.
Goals for this period are 2 for Red Wings vs 0 for Devils.
Shots for this period are 13 for Red Wings vs 11 for Devils.
2nd period
0:01 of 2nd period - Jason Spezza wins face-off versus Maxim Afinogenov in neutral zone.
1:15 of 2nd period - Snap shot by Antti Miettinen.
1:15 of 2nd period - Stopped by Jonathan Quick with a rebound.
1:17 of 2nd period - Snap shot by Ben Lovejoy.
1:17 of 2nd period - Shot Blocked by Shea Weber.
2:17 of 2nd period - Snap shot by Dustin Boyd.
2:17 of 2nd period - Shot Misses the Net.
2:25 of 2nd period - Dustin Boyd is hit by Teemu Selanne and loses puck.
2:46 of 2nd period - Wrist shot by Teemu Selanne.
2:46 of 2nd period - Stopped by Dan Ellis with a rebound.
2:48 of 2nd period - Snap shot by Teemu Selanne.
2:48 of 2nd period - Shot Blocked by Ladislav Nagy.
2:50 of 2nd period - Slapshot by Teemu Selanne.
2:50 of 2nd period - Stopped by Dan Ellis without a rebound.
2:51 of 2nd period - Vincent Lecavalier wins face-off versus Jason Spezza in Devils zone.
3:02 of 2nd period - Slapshot by Jason Spezza.
3:02 of 2nd period - Shot Misses the Net.
3:04 of 2nd period - Wrist shot by Jason Spezza.
3:04 of 2nd period - Shot Misses the Net.
3:06 of 2nd period - Slapshot by Richard Jackman.
3:06 of 2nd period - Deflect By Vincent Lecavalier.
3:06 of 2nd period - Stopped by Dan Ellis with a rebound.
3:24 of 2nd period - Snap shot by Guillaume Latendresse.
3:24 of 2nd period - Deflect By Patric Hornqvist.
3:24 of 2nd period - Stopped by Jonathan Quick with a rebound.
3:26 of 2nd period - Slapshot by Andrej Meszaros.
3:26 of 2nd period - Shot Blocked by Maxim Kondratiev.
4:13 of 2nd period - Wrist shot by Antti Miettinen.
4:13 of 2nd period - Stopped by Jonathan Quick without a rebound.
4:14 of 2nd period - Dustin Boyd wins face-off versus Shawn Horcoff in Red Wings zone.
4:27 of 2nd period - Snap shot by Ladislav Nagy.
4:27 of 2nd period - Shot Misses the Net.
4:29 of 2nd period - Minor Penalty to Shawn Horcoff for Hooking.
4:30 of 2nd period - Jason Spezza wins face-off versus Vincent Lecavalier in Red Wings zone.
4:59 of 2nd period - Snap shot by Ryan Whitney.
4:59 of 2nd period - Shot Misses the Net.
5:01 of 2nd period - Snap shot by Andrej Meszaros.
5:01 of 2nd period - Stopped by Jonathan Quick with a rebound.
5:03 of 2nd period - Backhand shot by Ryan Whitney.
5:03 of 2nd period - Stopped by Jonathan Quick without a rebound.
5:04 of 2nd period - Mike Richards wins face-off versus Vincent Lecavalier in Red Wings zone.
5:13 of 2nd period - Slapshot by Sean Bergenheim.
5:13 of 2nd period - Goal by Sean Bergenheim - Red Wings : 3 - Devils : 0.
5:14 of 2nd period - Vincent Lecavalier wins face-off versus Jason Spezza in neutral zone.
5:24 of 2nd period - Off-side.
5:25 of 2nd period - Vincent Lecavalier wins face-off versus Jason Spezza in neutral zone.
5:27 of 2nd period - Ryan Whitney is hit by Jason Spezza and loses puck.
5:34 of 2nd period - Snap shot by Vincent Lecavalier.
5:34 of 2nd period - Shot Misses the Net.
5:36 of 2nd period - Snap shot by Maxim Afinogenov.
5:36 of 2nd period - Deflect By Vincent Lecavalier.
5:36 of 2nd period - Goal by Vincent Lecavalier - Red Wings : 3 - Devils : 1.
5:37 of 2nd period - Maxim Afinogenov wins face-off versus Martin Havlat in neutral zone.
5:51 of 2nd period - Minor Penalty to Martin Havlat for Holding.
5:52 of 2nd period - Jason Spezza wins face-off versus Vincent Lecavalier in Red Wings zone.
6:28 of 2nd period - Wrist shot by Stephen Weiss.
6:28 of 2nd period - Stopped by Jonathan Quick without a rebound.
6:29 of 2nd period - Stephen Weiss wins face-off versus Mike Richards in Red Wings zone.
7:51 of 2nd period - Penalty to Martin Havlat is over, Martin Havlat is back on ice.
8:24 of 2nd period - Richard Jackman is hit by Patrick Eaves and loses puck.
8:57 of 2nd period - Snap shot by Zach Parise.
8:57 of 2nd period - Stopped by Jonathan Quick without a rebound.
8:58 of 2nd period - Jason Spezza wins face-off versus Dustin Boyd in Red Wings zone.
9:03 of 2nd period - Snap shot by Dustin Boyd.
9:03 of 2nd period - Stopped by Jonathan Quick without a rebound.
9:04 of 2nd period - Vincent Lecavalier wins face-off versus Jason Spezza in Red Wings zone.
9:17 of 2nd period - Slapshot by Rick Nash.
9:17 of 2nd period - Shot Misses the Net.
9:38 of 2nd period - Snap shot by Guillaume Latendresse.
9:38 of 2nd period - Stopped by Jonathan Quick without a rebound.
9:39 of 2nd period - Mike Richards wins face-off versus Vincent Lecavalier in Red Wings zone.
9:44 of 2nd period - Snap shot by Mike Richards.
9:44 of 2nd period - Stopped by Dan Ellis with a rebound.
9:52 of 2nd period - Icing by Mike Richards.
9:53 of 2nd period - Mike Richards wins face-off versus Vincent Lecavalier in Red Wings zone.
9:53 of 2nd period - Mike Richards is hit by Zach Parise.
10:12 of 2nd period - Off-side.
10:13 of 2nd period - Patric Hornqvist wins face-off versus Jason Spezza in neutral zone.
10:18 of 2nd period - Wrist shot by Mike Lundin.
10:18 of 2nd period - Stopped by Jonathan Quick without a rebound.
10:19 of 2nd period - Jason Spezza wins face-off versus Stephen Weiss in Red Wings zone.
11:08 of 2nd period - Antti Miettinen is hit by Mike Brown and loses puck.
11:15 of 2nd period - Snap shot by Robert Dome.
11:15 of 2nd period - Shot Misses the Net.
11:17 of 2nd period - Wrist shot by Robert Dome.
11:17 of 2nd period - Stopped by Dan Ellis with a rebound.
11:19 of 2nd period - Wrist shot by Robert Dome.
11:19 of 2nd period - Stopped by Dan Ellis without a rebound.
11:20 of 2nd period - Vincent Lecavalier wins face-off versus Jason Spezza in Devils zone.
11:24 of 2nd period - Off-side.
11:25 of 2nd period - Jason Spezza wins face-off versus Maxim Afinogenov in neutral zone.
12:00 of 2nd period - Snap shot by Sean Bergenheim.
12:00 of 2nd period - Stopped by Dan Ellis with a rebound.
12:02 of 2nd period - Slapshot by Christian Laflamme.
12:02 of 2nd period - Shot Misses the Net.
12:42 of 2nd period - Wrist shot by Zach Parise.
12:42 of 2nd period - Stopped by Jonathan Quick with a rebound.
13:40 of 2nd period - Jason Arnott is hit by Teemu Selanne and loses puck.
13:57 of 2nd period - Snap shot by Vincent Lecavalier.
13:57 of 2nd period - Shot Blocked by Ossi Vaananen.
14:44 of 2nd period - Slapshot by Sean Bergenheim.
14:44 of 2nd period - Shot Misses the Net.
15:43 of 2nd period - Icing by Martin Havlat.
15:44 of 2nd period - Jason Spezza wins face-off versus Stephen Weiss in Red Wings zone.
15:59 of 2nd period - Martin Havlat is hit by Stephen Weiss and loses puck.
16:06 of 2nd period - Rick Nash is hit by Mike Komisarek and loses puck.
16:54 of 2nd period - Off-side.
16:55 of 2nd period - Mike Richards wins face-off versus Vincent Lecavalier in neutral zone.
16:58 of 2nd period - Slapshot by Teemu Selanne.
16:58 of 2nd period - Shot Misses the Net.
17:00 of 2nd period - Backhand shot by Teemu Selanne.
17:00 of 2nd period - Shot Misses the Net.
17:47 of 2nd period - Lee Stempniak is hit by Ryan Whitney and loses puck.
18:02 of 2nd period - Vincent Lecavalier is hit by Richard Jackman and loses puck.
18:32 of 2nd period - Christian Laflamme is hit by Patrick Eaves and loses puck.
18:49 of 2nd period - Teemu Selanne is hit by Vincent Lecavalier and loses puck.
19:14 of 2nd period - Snap shot by Patric Hornqvist.
19:14 of 2nd period - Stopped by Jonathan Quick with a rebound.
19:32 of 2nd period - Mike Brown is hit by Ladislav Nagy and loses puck.
Goals for this period are 1 for Red Wings vs 1 for Devils.
Shots for this period are 8 for Red Wings vs 13 for Devils.
3rd period
0:01 of 3rd period - Vincent Lecavalier wins face-off versus Jason Spezza in neutral zone.
0:30 of 3rd period - Snap shot by Sean Bergenheim.
0:30 of 3rd period - Stopped by Dan Ellis with a rebound.
0:56 of 3rd period - Slapshot by Ben Lovejoy.
0:56 of 3rd period - Stopped by Jonathan Quick with a rebound.
1:02 of 3rd period - Ladislav Nagy is hit by Robert Dome and loses puck.
1:31 of 3rd period - Zach Parise is hit by Michal Grosek and loses puck.
1:36 of 3rd period - Snap shot by Brian Sutherby.
1:36 of 3rd period - Deflect By Lee Stempniak.
1:36 of 3rd period - Shot Misses the Net.
1:36 of 3rd period - Puck is out of play.
1:37 of 3rd period - Brian Sutherby wins face-off versus Vincent Lecavalier in Devils zone.
1:46 of 3rd period - Wrist shot by Lee Stempniak.
1:46 of 3rd period - Goal by Lee Stempniak - Red Wings : 4 - Devils : 1.
1:47 of 3rd period - Vincent Lecavalier wins face-off versus Jason Spezza in neutral zone.
2:00 of 3rd period - Snap shot by Vincent Lecavalier.
2:00 of 3rd period - Stopped by Jonathan Quick without a rebound.
2:01 of 3rd period - Vincent Lecavalier wins face-off versus Jason Spezza in Red Wings zone.
2:06 of 3rd period - Snap shot by Vincent Lecavalier.
2:06 of 3rd period - Shot Misses the Net.
2:08 of 3rd period - Snap shot by Vincent Lecavalier.
2:08 of 3rd period - Shot Blocked by Paul Martin.
2:10 of 3rd period - Snap shot by Zach Parise.
2:10 of 3rd period - Stopped by Jonathan Quick without a rebound.
2:11 of 3rd period - Vincent Lecavalier wins face-off versus Martin Havlat in Red Wings zone.
2:12 of 3rd period - Snap shot by Maxim Afinogenov.
2:12 of 3rd period - Shot Misses the Net.
2:14 of 3rd period - Snap shot by Vincent Lecavalier.
2:14 of 3rd period - Shot Misses the Net.
2:42 of 3rd period - Wrist shot by Zach Parise.
2:42 of 3rd period - Stopped by Jonathan Quick without a rebound.
2:43 of 3rd period - Stephen Weiss wins face-off versus Mike Richards in Red Wings zone.
2:46 of 3rd period - Slapshot by Stephen Weiss.
2:46 of 3rd period - Shot Blocked by Teemu Selanne.
2:50 of 3rd period - Slapshot by Patric Hornqvist.
2:50 of 3rd period - Shot Misses the Net.
2:56 of 3rd period - Wrist shot by Patric Hornqvist.
2:56 of 3rd period - Deflect By Guillaume Latendresse.
2:56 of 3rd period - Stopped by Jonathan Quick without a rebound.
2:57 of 3rd period - Vincent Lecavalier wins face-off versus Jason Spezza in Red Wings zone.
3:06 of 3rd period - Snap shot by Vincent Lecavalier.
3:06 of 3rd period - Deflect By Maxim Afinogenov.
3:06 of 3rd period - Deflect By Rick Nash.
3:06 of 3rd period - Shot Misses the Net.
3:06 of 3rd period - Puck is out of play.
3:07 of 3rd period - Jason Spezza wins face-off versus Vincent Lecavalier in Red Wings zone.
3:09 of 3rd period - Minor Penalty to Rick Nash for High sticking.
3:10 of 3rd period - Jason Spezza wins face-off versus Vincent Lecavalier in Red Wings zone.
3:24 of 3rd period - Paul Martin is hit by Maxim Afinogenov and loses puck.
3:35 of 3rd period - Shea Weber is hit by Andrej Meszaros and loses puck.
4:06 of 3rd period - Slapshot by Sean Bergenheim.
4:06 of 3rd period - Shot Misses the Net.
5:09 of 3rd period - Penalty to Rick Nash is over, Rick Nash is back on ice.
5:18 of 3rd period - Wrist shot by Teemu Selanne.
5:18 of 3rd period - Stopped by Dan Ellis with a rebound.
6:30 of 3rd period - Jason Spezza is hit by Antti Miettinen and loses puck.
7:10 of 3rd period - Wrist shot by Teemu Selanne.
7:10 of 3rd period - Shot Blocked by Mike Lundin.
7:13 of 3rd period - Icing by Maxim Afinogenov.
7:14 of 3rd period - Vincent Lecavalier wins face-off versus Brian Sutherby in Devils zone.
7:29 of 3rd period - Minor Penalty to Michal Grosek for Interference.
7:30 of 3rd period - Vincent Lecavalier wins face-off versus Jason Spezza in Red Wings zone.
7:31 of 3rd period - Snap shot by Maxim Afinogenov.
7:31 of 3rd period - Shot Blocked by Jason Spezza.
7:33 of 3rd period - Slapshot by Vincent Lecavalier.
7:33 of 3rd period - Stopped by Jonathan Quick without a rebound.
7:34 of 3rd period - Vincent Lecavalier wins face-off versus Jason Spezza in Red Wings zone.
7:35 of 3rd period - Snap shot by Zach Parise.
7:35 of 3rd period - Stopped by Jonathan Quick without a rebound.
7:36 of 3rd period - Jason Spezza wins face-off versus Vincent Lecavalier in Red Wings zone.
8:07 of 3rd period - Sean Bergenheim is hit by Stephen Weiss and loses puck.
8:50 of 3rd period - Rick Nash is hit by Vincent Lecavalier and loses puck.
9:08 of 3rd period - Icing by Ben Lovejoy.
9:09 of 3rd period - Vincent Lecavalier wins face-off versus Robert Dome in Devils zone.
9:09 of 3rd period - Vincent Lecavalier is hit by Sean Bergenheim.
9:29 of 3rd period - Penalty to Michal Grosek is over, Michal Grosek is back on ice.
10:01 of 3rd period - Greg Stewart is hit by Mike Brown and loses puck.
10:22 of 3rd period - Zach Parise is hit by Mike Richards and loses puck.
10:32 of 3rd period - Icing by Mike Komisarek.
10:33 of 3rd period - Jason Spezza wins face-off versus Maxim Afinogenov in Devils zone.
10:34 of 3rd period - Snap shot by Martin Havlat.
10:34 of 3rd period - Shot Misses the Net.
10:36 of 3rd period - Wrist shot by Jason Spezza.
10:36 of 3rd period - Deflect By Martin Havlat.
10:36 of 3rd period - Goal by Martin Havlat - Red Wings : 5 - Devils : 1.
10:37 of 3rd period - Vincent Lecavalier wins face-off versus Jason Spezza in neutral zone.
10:42 of 3rd period - Slapshot by Ben Lovejoy.
10:42 of 3rd period - Stopped by Jonathan Quick without a rebound.
10:43 of 3rd period - Vincent Lecavalier wins face-off versus Jason Spezza in Red Wings zone.
11:08 of 3rd period - Snap shot by Stephen Weiss.
11:08 of 3rd period - Shot Blocked by Shea Weber.
11:10 of 3rd period - Slapshot by Ben Lovejoy.
11:10 of 3rd period - Stopped by Jonathan Quick with a rebound.
11:12 of 3rd period - Slapshot by Andrej Meszaros.
11:12 of 3rd period - Stopped by Jonathan Quick with a rebound.
11:14 of 3rd period - Slapshot by Ben Lovejoy.
11:14 of 3rd period - Deflect By Sean Bergenheim.
11:14 of 3rd period - Stopped by Jonathan Quick without a rebound.
11:15 of 3rd period - Mike Richards wins face-off versus Vincent Lecavalier in Red Wings zone.
12:01 of 3rd period - Martin Havlat is hit by Greg Stewart and loses puck.
12:22 of 3rd period - Minor Penalty to Paul Martin for Slashing.
12:23 of 3rd period - Vincent Lecavalier wins face-off versus Mike Richards in Red Wings zone.
14:02 of 3rd period - Michal Grosek is hit by Guillaume Latendresse and loses puck.
14:22 of 3rd period - Penalty to Paul Martin is over, Paul Martin is back on ice.
14:31 of 3rd period - Wrist shot by Shawn Horcoff.
14:31 of 3rd period - Stopped by Dan Ellis without a rebound.
14:32 of 3rd period - Dustin Boyd wins face-off versus Shawn Horcoff in Devils zone.
14:43 of 3rd period - Snap shot by Dustin Boyd.
14:43 of 3rd period - Shot Blocked by Robert Dome.
14:49 of 3rd period - Mike Brown is hit by Antti Miettinen and loses puck.
15:07 of 3rd period - Snap shot by Shawn Horcoff.
15:07 of 3rd period - Shot Misses the Net.
15:09 of 3rd period - Slapshot by Shea Weber.
15:09 of 3rd period - Stopped by Dan Ellis with a rebound.
15:14 of 3rd period - Icing by Jay Bouwmeester.
15:15 of 3rd period - Dustin Boyd wins face-off versus Jason Spezza in Devils zone.
15:45 of 3rd period - Slapshot by Jay Bouwmeester.
15:45 of 3rd period - Deflect By Christian Laflamme.
15:45 of 3rd period - Stopped by Jonathan Quick without a rebound.
15:46 of 3rd period - Jason Spezza wins face-off versus Vincent Lecavalier in Red Wings zone.
15:46 of 3rd period - Jason Spezza is hit by Ryan Whitney.
15:55 of 3rd period - Zach Parise beats up Rick Nash.
15:55 of 3rd period - Penalty to Zach Parise for Fighting.
15:55 of 3rd period - Penalty to Rick Nash for Fighting.
15:56 of 3rd period - Vincent Lecavalier wins face-off versus Jason Spezza in Devils zone.
16:11 of 3rd period - Ryan Whitney is hit by Shawn Horcoff and loses puck.
16:22 of 3rd period - Ryan Whitney is hit by Shea Weber and loses puck.
16:31 of 3rd period - Snap shot by Michal Grosek.
16:31 of 3rd period - Shot Hit the Post.
16:33 of 3rd period - Slapshot by Ossi Vaananen.
16:33 of 3rd period - Shot Misses the Net.
16:47 of 3rd period - Snap shot by Maxim Afinogenov.
16:47 of 3rd period - Stopped by Jonathan Quick with a rebound.
16:49 of 3rd period - Wrist shot by Maxim Afinogenov.
16:49 of 3rd period - Stopped by Jonathan Quick with a rebound.
16:51 of 3rd period - Snap shot by Jason Arnott.
16:51 of 3rd period - Stopped by Jonathan Quick without a rebound.
16:52 of 3rd period - Stephen Weiss wins face-off versus Jason Spezza in Red Wings zone.
17:07 of 3rd period - Wrist shot by Martin Havlat.
17:07 of 3rd period - Shot Misses the Net.
17:19 of 3rd period - Teemu Selanne is hit by Ben Lovejoy and loses puck.
17:36 of 3rd period - Shea Weber is hit by Jay Bouwmeester and loses puck.
17:43 of 3rd period - Wrist shot by Antti Miettinen.
17:43 of 3rd period - Shot Blocked by Shea Weber.
17:57 of 3rd period - Ladislav Nagy is hit by Sean Bergenheim and loses puck.
18:06 of 3rd period - Mike Richards is hit by Ryan Whitney and loses puck.
18:19 of 3rd period - Slapshot by Ossi Vaananen.
18:19 of 3rd period - Stopped by Dan Ellis with a rebound.
18:27 of 3rd period - Backhand shot by Mike Richards.
18:27 of 3rd period - Stopped by Dan Ellis with a rebound.
18:29 of 3rd period - Snap shot by Mike Richards.
18:29 of 3rd period - Stopped by Dan Ellis without a rebound.
18:30 of 3rd period - Vincent Lecavalier wins face-off versus Martin Havlat in Devils zone.
18:30 of 3rd period - Vincent Lecavalier is hit by Jason Spezza.
18:46 of 3rd period - Slapshot by Vincent Lecavalier.
18:46 of 3rd period - Shot Misses the Net.
18:56 of 3rd period - Guillaume Latendresse is hit by Michal Grosek and loses puck.
Goals for this period are 2 for Red Wings vs 0 for Devils.
Shots for this period are 9 for Red Wings vs 15 for Devils.
Output by the SimonT Hockey Simulator (STHS) for François Prévost -- Original Page W3C XHTML 1.0 Valid